 Dungeon Crawl Stone Soup version 0.23.2 (webtiles) character file.

Game seed: 10954074984629174653

31918 GreaterElenko the Geomancer (level 13, -1/60 HPs)
             Began as a Felid Earth Elementalist on Mar 27, 2019.
             Was the Champion of Nemelex Xobeh.
             Slain by a wolf spider (2 damage)
             ... on level 1 of the Spider Nest on Apr 2, 2019.
             The game lasted 01:22:45 (33745 turns).

GreaterElenko the Geomancer (FeEE)                 Turns: 33745, Time: 01:22:45

Health: -1/60      AC:  3    Str:  4    XL:     13   Next: 28%
Magic:  8/26       EV: 29    Int: 21    God:    Nemelex Xobeh [******]
Gold:   1165       SH:  0    Dex: 20    Spells: 4/28 levels left
                                        Lives:  0   Deaths: 2

rFire    . . .     SeeInvis +     - Unarmed
rCold    + . .     Gourm    .   (shield unavailable)
rNeg     . . .     Faith    .   (armour unavailable)
rPois    +         Spirit   .   (helmet unavailable)
rElec    +         Reflect  .   (cloak unavailable)
rCorr    .         Harm     .   (gloves unavailable)
MR       +....                  (boots unavailable)
Stlth    ++++++....             H - amulet of magic regeneration
HPRegen  0.20/turn              F - ring of Moderation {rElec Dex+3 Stlth+}
MPRegen  0.45/turn              B - ring of poison resistance

@: lethally poisoned (-1 -> -15), quick
A: very small, no armour, no weapons or thrown items, stealth, claws 1, fangs 3,
see invisible, carnivore, speed 1, shaggy fur 3, slow metabolism 1, sharp paws
a: Draw Escape, Draw Destruction, Draw Summoning, Triple Draw, Deal Four, Stack
Five, Renounce Religion


You were on level 1 of the Spider Nest.
You worshipped Nemelex Xobeh.
Nemelex Xobeh was exalted by your worship.
You were hungry.

You visited 4 branches of the dungeon, and saw 22 of its levels.
You also visited: Ossuary and Ice Cave.

You collected 2705 gold pieces.
You spent 1540 gold pieces at shops.

Inventory:

Missiles
 b - 10 stones
 o - 2 throwing nets {!f}
Jewellery
 d - an uncursed ring of flight
   (You found it on level 7 of the Dungeon)
 m - an uncursed ring of ice
   (You found it on level 4 of the Dungeon)
 A - an uncursed ring of fire
   (You found it on level 5 of the Dungeon)
 B - a ring of poison resistance (right paw)
   (You bought it in a shop on level 2 of the Orcish Mines)
 D - a +3 ring of strength
   (You found it on level 3 of the Lair of Beasts)
 F - the ring of Moderation (left paw) {rElec Dex+3 Stlth+}
   (You found it on level 11 of the Dungeon)

   [ring of stealth]

   It affects your dexterity (+3).
   It insulates you from electricity.
   It makes you more stealthy.
 H - an amulet of magic regeneration (around neck)
   (You found it on level 7 of the Dungeon)
Wands
 t - a wand of flame (50)
   (You found it on level 7 of the Dungeon)
 u - a wand of paralysis (10)
   (You found it on level 1 of the Lair of Beasts)
 v - a wand of digging (2)
   (You found it on level 3 of the Dungeon)
 x - a wand of acid (18)
   (You found it on level 6 of the Dungeon)
 G - a wand of polymorph (13)
   (You found it on level 1 of the Lair of Beasts)
Scrolls
 g - 4 scrolls of magic mapping
 h - 10 scrolls of teleportation {@r4}
 i - 2 scrolls of fear
 j - 3 scrolls of blinking
 k - 2 scrolls of immolation {!r}
 p - 3 scrolls of amnesia
 r - 13 scrolls of remove curse {@r2}
 J - 3 scrolls of identify {@r1}
 K - 2 scrolls of vulnerability {!r}
Potions
 a - 5 potions of mutation {!q}
 c - a potion of agility
 f - 12 potions of heal wounds {@q2}
 l - 4 potions of flight
 n - 8 potions of haste {@q3}
 q - 2 potions of lignification {!q}
 s - 7 potions of curing {@q1}
 w - 2 potions of brilliance
 y - 2 potions of might
 C - a potion of magic
 E - a potion of ambrosia
 I - a potion of resistance
Comestibles
 e - 38 rations {!d}


   Skills:
 + Level 9.2 Fighting
 + Level 12.1 Dodging
 - Level 10.0 Stealth
 - Level 9.0 Unarmed Combat
 - Level 8.0 Spellcasting
 * Level 2.2 Conjurations
 + Level 2.1 Summonings
 - Level 2.0 Translocations
 - Level 1.1 Transmutations
 - Level 4.0 Air Magic
 - Level 14.0 Earth Magic
 + Level 10.6 Invocations


You had 4 spell levels left.
You knew the following spells:

 Your Spells              Type           Power        Failure   Level  Hunger
a - Sandblast             Erth           ######       1%          1    None
b - Lee's Rapid Deconstr  Erth           ######....   1%          5    #####..
c - Blink                 Tloc           N/A          5%          2    None
d - Call Imp              Summ           ###.....     4%          2    None
e - Iron Shot             Conj/Erth      #####.....   41%         6    ######.
f - Mephitic Cloud        Conj/Pois/Air  ###.....     11%         3    None
q - Passwall              Tmut/Erth      #####...     1%          2    None
x - Stone Arrow           Conj/Erth      #####.       1%          3    None

Your spell library contained the following spells:

 Spells                   Type           Power        Failure   Level  Hunger
 Magic Dart               Conj           ###.         3%          1    None
 Petrify                  Tmut/Erth      #####...     3%          4    ###....
 Poisonous Vapours        Pois/Air       ###...       5%          2    None
 Confusing Touch          Hex            #.....       8%          1    None
 Throw Flame              Conj/Fire      ##....       8%          2    None
 Recall                   Summ/Tloc      N/A          10%         3    None
 Gell's Gravitas          Tloc           ###.......   11%         3    None
 Slow                     Hex            #.......     12%         2    None
 Conjure Flame            Conj/Fire      ##......     16%         3    None
 Confuse                  Hex            #.......     24%         3    None
 Aura of Abjuration       Summ           ###.......   67%         5    #####..
 Summon Demon             Summ           ###.......   67%         5    #####..
 Summon Forest            Summ/Tloc      ###.......   67%         5    #####..
 Bolt of Draining         Conj/Necr      ##........   80%         5    #####..
 Summon Mana Viper        Hex/Summ       ##......     82%         5    #####..
 Yara's Violent Unravell  Hex/Tmut       ##........   87%         5    #####..
 Metabolic Englaciation   Hex/Ice        #.........   91%         5    #####..
 Freezing Cloud           Conj/Ice/Air   ###.......   99%         6    ######.
 Shadow Creatures         Summ           N/A          99%         6    ######.
 Ring of Flames           Chrm/Fire      #.........   100%        7    #######


Dungeon Overview and Level Annotations

Branches:
Dungeon (13/15)            Temple (0/1) D:6            Lair (6/6) D:11
 Shoals (0/4) Lair:2       Spider (1/4) Lair:4        Slime (0/5) Lair:5
    Orc (2/2) D:11            Elf (0/3) Orc:2        Vaults (0/5) D:13

Altars:
Ashenzari
Cheibriados
Dithmenos
Elyvilon
Fedhas
Gozag
Kikubaaqudgha
Makhleb
Nemelex Xobeh
Sif Muna
Trog
Zin
Beogh
Jiyva

Shops:
D:10 *   D:12 }   Orc:2 [[=?*((!

Annotations:
D:10 3 runed translucent doors, stillor's ghost, journeyman DsFi
Lair:3 2 transporters
Lair:5 exclusion: oklob plant
Lair:6 exclusion: 2 doors


Innate Abilities, Weirdness & Mutations

You cannot wear armour.
You are incapable of wielding weapons or throwing items.
Your paws allow you to move quietly. (Stealth)
You have sharp claws.
You have razor-sharp teeth.
You have supernaturally acute eyesight. (SInv)
You are carnivorous and can eat meat at any time.
You cover ground quickly.
Your thick and shaggy fur keeps you warm. (AC +3, rC+)
You have a slow metabolism.
Your sharp claws are effective at attacking unaware monsters.


Message History

Aim: a tarantella The stone arrow hits the tarantella!
Aim: a tarantella (severely wounded)
The stone arrow hits the tarantella!
The tarantella bites you but does no damage.
Aim: a tarantella (almost dead, clinging)
The stone arrow hits the tarantella.
You kill the tarantella!
Unknown command.
A wolf spider comes into view.
A tarantella comes into view.
Things that are here:
a tarantella corpse; a jumping spider corpse You butcher the tarantella corpse.
Things that are here:
a chunk of flesh; a jumping spider corpse
z - a chunk of flesh You see here a redback corpse.
There is a crawl-hole back to the Lair, spattered with blood here.
A tarantella is nearby!
You start resting.
Eating a chunk of flesh.
You eat the chunk of flesh.
This raw flesh tastes great.
You start waiting.
Done waiting.
Found a wand of flame (19).
A rock wall.
The wall shatters!
The blast of rock fragments hits the wolf spider.
The wolf spider hisses angrily.
The stone arrow hits the wolf spider!!
The wolf spider hits you! The wolf spider bites you.
You are poisoned.
The wolf spider poisons you!
The stone arrow hits the wolf spider.
You are feeling hungry.
You feel sick. The wolf spider closely misses you.
The wolf spider completely misses you.
The stone arrow hits the wolf spider!
You feel sick. The wolf spider barely misses you. The wolf spider bites you!
The wolf spider hits you!
* * * LOW HITPOINT WARNING * * *
The wolf spider completely misses you.
The stone arrow misses the wolf spider.
You feel sick. The wolf spider completely misses you.
The wolf spider closely misses you.
The stone arrow hits the wolf spider.
You feel sick. The wolf spider completely misses you.
The wolf spider closely misses you. The wolf spider hits you!!
* * * LOW HITPOINT WARNING * * *
The wolf spider bites you.
You die...
Your body glows with a rainbow of weird colours and disappears.

#.........#
#..........##
#...........###
#..............
#.......$......
#....#........#
#....###.......
#.....#........
##....^@....#
##....#s../..#
##.....##.....#
#..<....##.#.##
#....#..# ## #
#...###....
#...# ^...#
##(## ...## ##
...#


You could see a wolf spider.

Vanquished Creatures
  Snorg (Lair:4)
  Josephine (Lair:4)
  An ogre mage (D:13)
  2 hydras
  Erica (D:10)
  A catoblepas (Lair:2)
  4 death yaks
  A satyr (Orc:1)
  2 two-headed ogres
  4 orc high priests (Orc:2)
  A deep elf knight (D:13)
  A skeletal warrior (D:13)
  3 unseen horrors
  A necromancer (IceCv)
  3 orc knights
  A wolf spider (Spider:1)
  2 deep elf magi (D:13)
  An oklob plant (Lair:6)
  An ugly thing (D:12)
  A cyclops (D:12)
  A manticore (Lair:6)
  4 orc sorcerers
  2 elephants (Lair:6)
  2 merfolk sirens (Lair:2)
  Psyche (D:10)
  3 black mambas
  3 ice statues (IceCv)
  An orange demon (D:13)
  9 spiny frogs
  8 komodo dragons
  11 rime drakes
  6 ice devils (IceCv)
  2 merfolk (Lair:2)
  3 polar bears
  A troll (Orc:1)
  3 jumping spiders
  4 blink frogs
  4 slime creatures (D:12)
  6 hippogriffs
  A redback (Spider:1)
  A water elemental (D:13)
  46 yaks
  A spriggan (D:7)
  6 wraiths
  A tarantella (shapeshifter) (D:11)
  A tarantella (Spider:1)
  3 vampires
  3 wyverns
  2 basilisks
  2 hungry ghosts
  A steam dragon (D:12)
  17 wargs
  Edmund (D:4)
  15 water moccasins
  A hell hound (Lair:6)
  34 orc warriors
  7 porcupines
  3 black bears
  3 phantoms
  2 sky beasts
  An eye of draining (D:11)
  5 ice beasts
  19 ogres
  24 wolves (Lair:3)
  7 centaurs
  16 crocodiles
  A big kobold (D:13)
  19 bullfrogs
  A wyvern zombie (D:10)
  3 scorpions
  13 wights
  14 killer bees
  3 electric eels
  7 howler monkeys
  4 crimson imps
  3 draconian simulacra (IceCv)
  2 quasits
  3 hounds
  7 jellies
  33 orc priests
  5 centaur skeletons
  10 iron imps (D:13)
  23 orc wizards
  5 bullfrog skeletons
  3 iguanas
  4 worker ants
  4 troll simulacra (IceCv)
  A hound skeleton (D:9)
  8 mummies (Ossuary)
  A worker ant zombie (D:10)
  3 gnolls (D:6)
  14 adders
  A naga simulacrum (IceCv)
  2 ogre simulacra (IceCv)
  2 shadow imps
  An ooze (D:4)
  An adder zombie (D:10)
  3 adder skeletons
  3 worms
  2 dart slugs
  8 leopard geckos
  125 orcs
  4 giant cockroaches
  3 gnoll zombies (Ossuary)
  9 hobgoblins
  7 jackals
  14 kobolds
  5 quokkas
  A ball python (D:1)
  8 bats
  7 frilled lizards
  8 goblins
  2 hobgoblin zombies (Ossuary)
  3 orc zombies (Ossuary)
  13 rats
  2 fungi
758 creatures vanquished.

Vanquished Creatures (collateral kills)
  A thorn hunter (Lair:6)
  An orc warlord (Orc:1)
  A shambling mangrove (Lair:6)
  An orc sorcerer (Orc:1)
  A black mamba (Lair:6)
  A rime drake (Lair:3)
  A dream sheep (Orc:1)
  A redback (Lair:4)
  Eustachio (D:6)
  An orc warrior (Orc:1)
  16 wolves (Lair:3)
  6 orcs (Orc:1)
32 creatures vanquished.

Vanquished Creatures (others)
  An orc knight (D:8)
  An orc priest (Orc:2)
  An orc wizard (D:10)
  4 fungi
  18 plants
25 creatures vanquished.

Grand Total: 815 creatures vanquished

Notes
Turn   | Place    | Note
-------+----------+-------------------------------------------
     0 | D:1      | GreaterElenko the Felid Earth Elementalist began the quest
                  | for the Orb.
     0 | D:1      | Reached XP level 1. HP: 7/7 MP: 4/4
   178 | D:1      | Reached XP level 2. HP: 8/11 MP: 6/6
   434 | D:1      | Reached skill level 3 in Earth Magic
   913 | D:1      | Reached XP level 3. HP: 15/15 MP: 4/7
  1199 | D:2      | Found a blossoming altar of Fedhas.
  1299 | D:2      | Reached skill level 1 in Fighting
  1311 | D:2      | Reached XP level 4. HP: 3/19 MP: 1/8
  1374 | D:2      | Learned a level 3 spell: Stone Arrow
  1604 | D:2      | Found a shadowy altar of Dithmenos.
  1903 | D:2      | Noticed a water moccasin
  1998 | D:3      | Noticed a bullfrog
  2006 | D:3      | Killed a bullfrog
  2006 | D:3      | Reached skill level 1 in Conjurations
  2006 | D:3      | Reached XP level 5. HP: 19/22 MP: 0/10
  3584 | D:2      | Found a bloodstained altar of Trog.
  4003 | D:2      | Killed a water moccasin
  4003 | D:2      | Reached skill level 4 in Earth Magic
  4003 | D:2      | Gained mutation: You are covered in thick fur. (AC +2)
                  | [Felid growth]
  4003 | D:2      | Reached XP level 6. HP: 22/26 MP: 0/11
  4229 | D:2      | Learned a level 5 spell: Lee's Rapid Deconstruction
  4279 | D:4      | Noticed Edmund
  4406 | D:4      | Killed Edmund
  4685 | D:4      | Reached XP level 7. HP: 30/30 MP: 1/12
  5287 | D:4      | Reached skill level 5 in Stealth
  5705 | D:4      | Reached skill level 5 in Earth Magic
  5815 | D:5      | Entered Level 5 of the Dungeon
  5822 | D:5      | Reached skill level 5 in Dodging
  6058 | D:5      | Found a sparkling altar of Nemelex Xobeh.
  6077 | D:5      | Became a worshipper of Nemelex Xobeh the Trickster
  6202 | D:5      | Received a gift from Nemelex Xobeh
  6355 | D:5      | Reached XP level 8. HP: 34/34 MP: 4/14
  6549 | D:5      | You fall through a shaft for 2 floors!
  6568 | D:7      | Reached skill level 1 in Invocations
  6735 | D:7      | Noticed a hippogriff
  6739 | D:7      | Reached skill level 6 in Earth Magic
  6970 | D:7      | Killed a hippogriff
  7027 | D:6      | Found a staircase to the Ecumenical Temple.
  7030 | D:6      | Found a sand-covered staircase.
  7041 | D:6      | Received a gift from Nemelex Xobeh
  7052 | Ossuary  | Entered an ossuary
  7695 | D:6      | Found a deep blue altar of Sif Muna.
  7695 | D:6      | Noticed Eustachio
  7709 | D:6      | Killed Eustachio
  7709 | D:6      | Reached XP level 9. HP: 12/37 MP: 3/17
  7715 | D:6      | Learned a level 2 spell: Passwall
  7718 | D:6      | Learned a level 2 spell: Blink
  7721 | D:6      | Learned a level 2 spell: Call Imp
  7966 | D:6      | Reached skill level 7 in Earth Magic
  8102 | D:6      | Reached * piety under Nemelex Xobeh
  8107 | D:6      | Reached skill level 5 in Spellcasting
  8251 | D:6      | Found a shattered altar of Ashenzari.
  8330 | D:6      | Received a gift from Nemelex Xobeh
  9694 | D:7      | Reached skill level 8 in Earth Magic
  9964 | D:8      | Reached ** piety under Nemelex Xobeh
 10090 | D:8      | Reached XP level 10. HP: 31/42 MP: 7/19
 10396 | D:8      | Reached skill level 5 in Invocations
 10514 | D:8      | Reached skill level 9 in Earth Magic
 10958 | D:8      | Found a glowing silver altar of Zin.
 10958 | D:8      | Noticed an angel
 10976 | D:8      | Noticed an orc knight
 10979 | D:8      | Noticed an orc knight
 11061 | D:8      | Killed an orc knight
 11061 | D:8      | Reached skill level 10 in Stealth
 11360 | D:8      | Killed an orc knight
 11360 | D:8      | Reached skill level 1 in Summonings
 11360 | D:8      | Reached skill level 1 in Translocations
 12109 | D:9      | Received a gift from Nemelex Xobeh
 12578 | D:9      | Reached skill level 10 in Earth Magic
 12612 | D:9      | Reached XP level 11. HP: 31/45 MP: 11/22
 12900 | D:9      | Reached *** piety under Nemelex Xobeh
 13156 | D:9      | Found a faded altar of an unknown god.
 13156 | D:9      | Found an ancient bone altar of Kikubaaqudgha.
 13161 | D:9      | Found a faded altar of an unknown god.
 13163 | D:9      | Found a white marble altar of Elyvilon.
 13164 | D:9      | Found a snail-covered altar of Cheibriados.
 13185 | D:10     | Entered Level 10 of the Dungeon
 13209 | D:10     | Learned a level 3 spell: Mephitic Cloud
 13214 | D:10     | Received a gift from Nemelex Xobeh
 13260 | D:10     | Found a runed translucent gate.
 13260 | D:10     | Found a runed translucent gate.
 13260 | D:10     | Found a runed translucent gate.
 13260 | D:10     | Found an opulent altar of Gozag.
 13261 | D:10     | Noticed a catoblepas
 13262 | D:10     | Found Bom Hyhif's Assorted Antiques.
 13263 | D:10     | Noticed stillor's ghost (journeyman DsFi)
 13263 | D:10     | Noticed an unseen horror
 13276 | D:10     | Noticed Erica
 13281 | D:10     | Killed Erica
 13281 | D:10     | Reached skill level 1 in Air Magic
 13600 | D:10     | Noticed Psyche
 13638 | D:10     | Killed Psyche
 13731 | D:10     | Upgraded the game from 0.23.1-37-gaa34b87b72 to 0.23.2
 14079 | D:10     | Received a gift from Nemelex Xobeh
 14669 | D:11     | Reached **** piety under Nemelex Xobeh
 14839 | D:11     | Noticed an unseen horror
 14848 | D:11     | Killed an unseen horror
 15094 | D:11     | Noticed a two-headed ogre
 15117 | D:11     | Killed a two-headed ogre
 15154 | D:11     | Noticed an unseen horror
 15250 | D:11     | Got a sparkling copper ring
 15261 | D:11     | Killed an unseen horror
 15926 | D:11     | Identified the ring of Moderation {rElec Dex+3 Stlth+} (You
                  | found it on level 11 of the Dungeon)
 16022 | D:11     | Received a gift from Nemelex Xobeh
 16029 | D:11     | Found a staircase to the Lair.
 16237 | D:11     | Found a roughly hewn altar of Beogh.
 16237 | D:11     | Found a staircase to the Orcish Mines.
 16486 | D:11     | Gained mutation: Your thick and shaggy fur keeps you warm.
                  | (AC +3, rC+) [Felid growth]
 16486 | D:11     | Reached XP level 12. HP: 51/51 MP: 12/24
 16614 | D:11     | Received a gift from Nemelex Xobeh
 16723 | D:11     | Reached skill level 5 in Fighting
 16925 | Lair:1   | Entered Level 1 of the Lair of Beasts
 17050 | Lair:1   | Reached ***** piety under Nemelex Xobeh
 17087 | Lair:1   | Reached skill level 11 in Earth Magic
 17428 | Lair:1   | Received a gift from Nemelex Xobeh
 17826 | Lair:2   | Received a gift from Nemelex Xobeh
 17851 | Lair:2   | Noticed a catoblepas
 17861 | Lair:2   | Killed a catoblepas
 18187 | Lair:2   | Found a staircase to the Shoals.
 18584 | Lair:2   | Received a gift from Nemelex Xobeh
 19135 | Lair:3   | Found a frozen archway.
 19146 | IceCv    | Entered an ice cave
 20179 | Lair:3   | Reached skill level 12 in Earth Magic
 20268 | Lair:3   | Received a gift from Nemelex Xobeh
 20297 | Lair:3   | Reached skill level 1 in Unarmed Combat
 20300 | Lair:3   | HP: 1/53 [wolf (8)]
 20595 | Lair:3   | Reached XP level 13. HP: 57/57 MP: 16/26
 20677 | Lair:3   | Found a transporter.
 20725 | Lair:3   | Received a gift from Nemelex Xobeh
 20788 | Lair:3   | Found a transporter.
 21052 | Lair:3   | You fall through a shaft for 3 floors!
 21052 | Lair:6   | Entered Level 6 of the Lair of Beasts
 21642 | Lair:5   | Found a staircase to the Slime Pits.
 21642 | Lair:5   | Found a viscous altar of Jiyva.
 21829 | Lair:5   | Received a gift from Nemelex Xobeh
 22473 | Lair:5   | Reached ****** piety under Nemelex Xobeh
 22858 | Lair:4   | Received a gift from Nemelex Xobeh
 23085 | Lair:4   | Noticed Snorg
 23123 | Lair:4   | Killed Snorg
 23123 | Lair:4   | Reached skill level 10 in Dodging
 23405 | Lair:4   | Noticed Josephine
 23412 | Lair:4   | Killed Josephine
 23871 | Lair:4   | Found a hole to the Spider Nest.
 24250 | Lair:5   | Reached skill level 5 in Unarmed Combat
 24513 | Lair:6   | Received a gift from Nemelex Xobeh
 24699 | Lair:6   | Noticed Nessos
 24999 | Lair:6   | Noticed Nessos
 24999 | Lair:6   | Nessos changed into Nessos the manticore
 25002 | Lair:6   | Killed Nessos the manticore
 25546 | Lair:6   | Reached skill level 13 in Earth Magic
 26272 | Lair:6   | Reached XP level 14. HP: 45/63 MP: 2/27
 26530 | Orc:1    | Entered Level 1 of the Orcish Mines
 26530 | Orc:1    | Received a gift from Nemelex Xobeh
 26534 | Orc:1    | Noticed an orc warlord
 27528 | Orc:1    | Reached skill level 10 in Invocations
 27565 | Orc:1    | Killed an orc warlord
 27987 | Orc:1    | Received a gift from Nemelex Xobeh
 28172 | Orc:2    | Entered Level 2 of the Orcish Mines
 28274 | Orc:2    | Found Ahoxe's Weapon Shoppe.
 28277 | Orc:2    | Found a staircase to the Elven Halls.
 28295 | Orc:2    | Found Xekli's Distillery.
 28319 | Orc:2    | Bought a potion of curing for 48 gold pieces
 28319 | Orc:2    | Bought a potion of curing for 48 gold pieces
 28319 | Orc:2    | Bought a potion of heal wounds for 80 gold pieces
 28319 | Orc:2    | Bought a potion of haste for 160 gold pieces
 28319 | Orc:2    | Bought a potion of haste for 160 gold pieces
 28319 | Orc:2    | Bought 2 potions of heal wounds for 160 gold pieces
 28319 | Orc:2    | Bought a potion of heal wounds for 80 gold pieces
 28392 | Orc:2    | Found Niesyhit's Antique Weapon Shop.
 28428 | Orc:2    | Found Coompag's Antique Armour Emporium.
 28641 | Orc:2    | Received a gift from Nemelex Xobeh
 28930 | Orc:2    | Killed by a card of wild magic
 28931 | Orc:2    | Reached XP level 13. HP: -5/59 MP: 21/26
 29185 | Orc:2    | Found Turricvu's Magic Scroll Boutique.
 29187 | Orc:2    | Found Ontedgh's Armour Shop.
 29188 | Orc:2    | Found Ucseente's Jewellery Shop.
 29191 | Orc:2    | Found Gufogi's Assorted Antiques.
 29194 | Orc:2    | Bought a scroll of blinking for 97 gold pieces
 29194 | Orc:2    | Bought a scroll of teleportation for 39 gold pieces
 29268 | Orc:2    | Bought a scroll of teleportation for 96 gold pieces
 29268 | Orc:2    | Bought a potion of heal wounds for 160 gold pieces
 29268 | Orc:2    | Bought a scroll of fear for 112 gold pieces
 29269 | Orc:2    | Bought an uncursed ring of poison resistance for 300 gold
                  | pieces
 29582 | D:12     | Found Puty's Gadget Shoppe.
 29825 | D:12     | Received a gift from Nemelex Xobeh
 31338 | D:13     | Reached XP level 14. HP: 33/64 MP: 1/27
 31695 | D:13     | Received a gift from Nemelex Xobeh
 31819 | D:13     | Reached skill level 14 in Earth Magic
 32091 | D:13     | Found a burning altar of Makhleb.
 32552 | D:13     | Found a gate to the Vaults.
 32789 | Lair:6   | Noticed a thorn hunter
 32789 | Lair:6   | an oklob plant changed into a thorn hunter
 33137 | Lair:6   | Splashed by an oklob plant's acid
 33138 | Lair:6   | Reached XP level 13. HP: -8/60 MP: 13/26
 33150 | Lair:6   | Killed a thorn hunter
 33372 | Lair:6   | Identified the Tome of Arcane Weapons and the Mountains
 33403 | Lair:6   | Learned a level 6 spell: Iron Shot
 33483 | Spider:1 | Entered Level 1 of the Spider Nest
 33745 | Spider:1 | HP: 1/60 [wolf spider (21)]
 33745 | Spider:1 | Slain by a wolf spider

Skill      XL: |  1  2  3  4  5  6  7  8  9 10 11 12 13 14 |
---------------+-------------------------------------------+-----
Stealth        | 3 4 5 7 9 10 | 10.0
Earth Magic    | 3 4 5 6 8 10 12 13 14 | 14.0
Dodging        | 3 4 5 7 9 10 12 | 12.1
Fighting       | 1 2 3 4 6 9 |  9.2
Conjurations   | 1 2 |  2.2
Spellcasting   | 3 4 5 7 8 |  8.0
Invocations    | 3 4 6 7 8 9 10 | 10.6
Summonings     | 2 |  2.1
Translocations | 2 |  2.0
Air Magic      | 4 |  4.0
Unarmed Combat | 2 9 7 |  9.0
Transmutations | |  1.1

Action                   |  1- 3 |  4- 6 |  7- 9 | 10-12 | 13-15 || total
-------------------------+-------+-------+-------+-------+-------++-------
Melee: Unarmed           |    85 |   111 |    54 |    89 |    84 ||   423
       Bite              |     7 |     2 |     6 |     8 |    14 ||    37
       Punch             |       |       |       |       |     5 ||     5
 Cast: Sandblast         |    20 |    34 |    54 |    49 |   145 ||   302
       Stone Arrow       |       |    36 |   166 |   449 |   572 ||  1223
       Lee's Rapid Decon |       |       |     3 |    76 |    77 ||   156
       Mephitic Cloud    |       |       |       |     5 |     1 ||     6
       Blink             |       |       |       |       |     1 ||     1
Invok: Deal Four         |       |       |       |       |     1 ||     1
 Abil: Draw Summoning    |       |       |     1 |     3 |     8 ||    12
       Draw Destruction  |       |       |     1 |    16 |    22 ||    39
Evoke: Wand              |       |       |       |       |     8 ||     8
  Use: Scroll            |       |       |    16 |     7 |     8 ||    31
       Potion            |       |       |       |     1 |     1 ||     2
 Stab: Sleeping          |     5 |     9 |       |     1 |     2 ||    17
       Petrified         |       |       |     3 |       |       ||     3
       Confused          |       |       |       |     2 |       ||     2
       Distracted        |       |       |       |       |     1 ||     1
  Eat: Chunk             |     8 |    10 |    25 |    42 |    39 ||   124
Armor: Skin              |     5 |     5 |     4 |    11 |     9 ||    34
Dodge: Dodged            |    92 |   105 |   109 |   243 |   380 ||   929
